 Dungeon Crawl Stone Soup version 0.21-a0-110-g8e1637b (webtiles) character file.

431 Gorice the Grave Robber (level 6, 0/51 HPs)
             Began as a Demonspawn Necromancer on July 7, 2017.
             Slain by a hornet (9 damage)
             ... while paralysed by a hornet
             ... on level 5 of the Dungeon.
             The game lasted 00:22:19 (5096 turns).

Gorice the Grave Robber (Demonspawn Necromancer)    Turns: 5096, Time: 00:22:20

Health: 0/51       AC: 10    Str: 10    XL:     6   Next: 67%
Magic:  6/9        EV:  2    Int: 16    God:
Gold:   204        SH:  0    Dex: 14    Spells: 4/9 levels left

rFire    . . .     SeeInvis .   e - +0 whip
rCold    . . .     Gourm    .   (no shield)
rNeg     . . .     Faith    .   o - +0 ring mail
rPois    .         Spirit   .   n - +1 helmet
rElec    .         Reflect  .   (no cloak)
rCorr    .         Harm     .   (no gloves)
MR       .....                  (no boots)
Stlth    ++........             (no amulet)
HPRegen  0.17/turn              (no ring)
MPRegen  0.11/turn              (no ring)

@: paralysed, lethally poisoned (0 -> -9), slowed
A: icy blue scales 2, nightstalker 1
a: no special abilities


You were on level 5 of the Dungeon.
You were not hungry.

You visited 1 branch of the dungeon, and saw 5 of its levels.

You collected 204 gold pieces.

Inventory:

Hand Weapons
 e - a +0 whip (weapon)
 f - a +0 mace
 x - a +0 long sword
 z - a +0 flail
Missiles
 l - 7 tomahawks (quivered)
 Z - 108 stones
Armour
 h - a +0 chain mail
 n - a +1 helmet (worn)
 o - a +0 ring mail (worn)
Scrolls
 g - a scroll of magic mapping {!r}
 i - 4 scrolls of remove curse
 s - 2 scrolls of teleportation {!r}
 y - 2 scrolls of fear {!r}
 C - a scroll of blinking {unknown}
Potions
 a - 2 potions of resistance {!q}
 d - 3 potions of heal wounds {!q}
 j - a potion of mutation {unknown}
 k - a potion of haste {unknown}
 m - 2 potions of brilliance {!q}
 p - a potion of cancellation {unknown}
 q - 2 potions of degeneration {unknown}
 t - 3 potions of curing {unknown}
 u - a potion of might {unknown}
 v - 2 potions of lignification {unknown}
 w - a potion of berserk rage
 B - a potion of magic {unknown}
Books
 b - a book of Necromancy
Comestibles
 c - 4 bread rations {!e}
 r - 2 chunks of flesh
 A - 4 meat rations {!e}
 D - 4 fruits


   Skills:
 - Level 5.0 Fighting
 + Level 1.0 Armour
 - Level 1.7 Dodging
 - Level 1.7 Stealth
 - Level 2.0 Spellcasting
 + Level 6.4 Necromancy


You had 4 spell levels left.
You knew the following spells:

 Your Spells              Type           Power        Failure   Level  Hunger
a - Pain                  Necr           ###.         3%          1    #......
b - Animate Skeleton      Necr           N/A          3%          1    #......
c - Vampiric Draining     Necr           ###.......   11%         3    ###....


Dungeon Overview and Level Annotations

Branches:
Dungeon (5/15)
 Temple: D:4-7

Altars:
The Shining One

Annotations:
D:3 p0werm0de's ghost, amateur OpTm
D:4 Dowan; Duvessa


Innate Abilities, Weirdness & Mutations

You are mostly covered in icy blue scales. (AC +3)
You are slightly more attuned to the shadows.


Message History

Casting: Pain
Confirm with . or Enter, or press ? or * to list all spells.
You can't see any susceptible monsters within range! (Use Z to cast anyway.)
Casting: Pain
Confirm with . or Enter, or press ? or * to list all spells.
Aiming: Pain
Press: ? - help, Shift-Dir - straight line, f - hornet
Aim: a hornet (resting, chance to defeat MR: 75%)
The hornet buzzes angrily.
The hornet writhes in agony!
Damage: 1 (max 1)
You see here 12 gold pieces.
Casting: Pain
Confirm with . or Enter, or press ? or * to list all spells.
Aiming: Pain
Press: ? - help, Shift-Dir - straight line, f/p - hornet
Aim: a hornet (moderately wounded, chance to defeat MR: 75%)
The hornet writhes in agony!
Damage: 1 (max 1)
Casting: Pain
Confirm with . or Enter, or press ? or * to list all spells.
Aiming: Pain
Press: ? - help, Shift-Dir - straight line, f/p - hornet
Aim: a hornet (moderately wounded, chance to defeat MR: 75%)
The hornet writhes in agony!
The hornet stings you!
You feel yourself slow down.
Damage: 9 (max 9) Unknown command.
Unknown command.
Casting: Pain
Confirm with . or Enter, or press ? or * to list all spells.
Aiming: Pain
Press: ? - help, Shift-Dir - straight line, f/p - hornet
Aim: a hornet (moderately wounded, chance to defeat MR: 75%)
The hornet writhes in agony!
The hornet stings you!
You suddenly lose the ability to move!
The hornet stings you.
You feel as though you will be slow longer.
The hornet stings you!
* * * LOW HITPOINT WARNING * * *
You feel as though you will be slow longer.
The hornet stings you!
* * * LOW HITPOINT WARNING * * *
You are poisoned.
You feel as though you will be slow longer.
You feel sick. The hornet stings you.
* * * LOW HITPOINT WARNING * * *
You feel as though you will be slow longer.
The worker ant zombie waves its antennae.
The hornet stings you!
You die...

#.........
#.........
#......... #
##.....%...
#.#..........
....#........
#.....sZ..$..
######y######
#@### # ## #...#
#.##..
###.####.....
#....#..#
####..^##
###....##♣♣♣ ♣
###......#.P.♣.♣
#..........PP.♣
...
...#...#.....P♣♣


You could see a hornet, a scorpion and a worker ant zombie.

Vanquished Creatures
  A bullfrog (D:3)
  A hound (D:4)
  An orc priest (D:3)
  2 worker ants
  A worker ant zombie (D:5)
  4 gnolls
  7 adders
  2 shadow imps
  An ooze (D:3)
  A dart slug (D:2)
  6 leopard geckos
  10 orcs
  9 giant cockroaches
  7 goblins
  8 hobgoblins
  10 jackals
  2 quokkas
  3 ball pythons
  2 ball python skeletons (D:4)
  11 bats
  5 frilled lizards
  6 kobolds
  11 rats
111 creatures vanquished.

Notes
Turn   | Place    | Note
-------+----------+-------------------------------------------
     0 | D:1      | Gorice the Demonspawn Necromancer began the quest for the Orb.
     0 | D:1      | Reached XP level 1. HP: 13/13 MP: 3/3
   124 | D:1      | Reached skill level 1 in Fighting
   476 | D:1      | Gained mutation: You are partially covered in icy blue scales. (AC +2) [demonic ancestry]
   476 | D:1      | Reached XP level 2. HP: 19/22 MP: 3/5
   604 | D:1      | Reached skill level 2 in Fighting
  1070 | D:1      | Gained mutation: You are mostly covered in icy blue scales. (AC +3) [demonic ancestry]
  1070 | D:1      | Reached XP level 3. HP: 28/28 MP: 4/6
  1338 | D:2      | Reached skill level 3 in Fighting
  2097 | D:3      | Reached XP level 4. HP: 35/35 MP: 5/7
  2106 | D:3      | Noticed p0werm0de's ghost (amateur OpTm)
  2224 | D:2      | Learned a level 1 spell: Animate Skeleton
  2367 | D:3      | Reached skill level 5 in Necromancy
  2730 | D:2      | Reached XP level 5. HP: 27/42 MP: 6/8
  2963 | D:3      | Reached skill level 4 in Fighting
  3957 | D:3      | Found a glowing golden altar of the Shining One.
  4164 | D:3      | Reached skill level 6 in Necromancy
  4164 | D:3      | Gained mutation: You are slightly more attuned to the shadows. [demonic ancestry]
  4164 | D:3      | Reached XP level 6. HP: 24/50 MP: 2/9
  4381 | D:4      | Noticed Duvessa
  4381 | D:4      | Noticed Dowan
  4545 | D:4      | Reached skill level 5 in Fighting
  4614 | D:4      | Learned a level 3 spell: Vampiric Draining
  4748 | D:5      | Entered Level 5 of the Dungeon
  5038 | D:5      | Reached skill level 1 in Armour
  5086 | D:5      | Noticed a hornet
  5094 | D:5      | Paralysed by a hornet for 3 turns
  5095 | D:5      | HP: 13/51 [hornet (7)]
  5096 | D:5      | Slain by a hornet

Vault maps used:
D:1:      dpeg_arrival_yet_another_circle, minmay_vboxes
D:2:      first_bread
D:3:      tso_altar, minmay_joined_circles
D:4:      uniq_duvessa
D:5:      uniq_crazy_yiuf_cottage

Skill      XL: |  1  2  3  4  5  6 |
---------------+-------------------+-----
Fighting       | 1 2 3 4 5 |  5.0
Necromancy     | 5 6 |  6.4
Armour         | 1 |  1.0
Dodging        | |  1.7
Stealth        | |  1.7
Spellcasting   | |  2.0

Action                   |  1- 3 |  4- 6 || total
-------------------------+-------+-------++-------
Melee: Whip              |    76 |   145 ||   221
 Cast: Pain              |    51 |   134 ||   185
       Animate Skeleton  |       |     7 ||     7
  Use: Scroll            |     7 |     4 ||    11
 Stab: Distracted        |       |     1 ||     1
       Sleeping          |       |     1 ||     1
  Eat: Chunk             |     5 |    12 ||    17
Armor: Leather armour    |    25 |       ||    25
       Robe              |     1 |       ||     1
       Ring mail         |    13 |   120 ||   133
Dodge: Dodged            |    59 |   131 ||   190

Table legend:
 A = Turns spent in this place as a percentage of turns spent in the entire game.
 B = Non-inter-level travel turns spent in this place as a percentage of non-inter-level travel turns spent in the entire game.
 C = Inter-level travel turns spent in this place as a percentage of turns spent in this place.
 D = Turns resting spent in this place as a percentage of non-inter-level travel turns spent in this place.
 E = Turns spent auto-exploring this place as a percentage of non-inter-level travel turns spent in this place.
 F = Non-inter-level travel turns spent in this place divided by the number of levels of this place that you've seen.
                   A       B       C       D       E      F
               +-------+-------+-------+-------+-------+----------------------
         Total | 100.0 | 100.0 |   0.4 |   6.9 |   5.7 | 350.8
       Dungeon | 100.0 | 100.0 |   0.4 |   6.9 |   5.7 | 350.8
               +-------+-------+-------+-------+-------+----------------------

Vault maps used:
D:1:      dpeg_arrival_yet_another_circle, minmay_vboxes
D:2:      first_bread
D:3:      tso_altar, minmay_joined_circles
D:4:      uniq_duvessa
D:5:      uniq_crazy_yiuf_cottage
